 Dungeon Crawl Stone Soup version 0.20.1-1-g8b1a95d (webtiles) character file.

1294 Monsterracer the Chopper (level 8, 0/73 HPs)
             Began as a Deep Dwarf Fighter on Oct 18, 2017.
             Slain by an orc warrior
             ... wielding a +0 halberd
              (20 damage)
             ... on level 6 of the Dungeon.
             The game lasted 00:03:20 (2058 turns).

Monsterracer the Chopper (Deep Dwarf Fighter)       Turns: 2058, Time: 00:03:21

Health: 0/73       AC:  9    Str: 21    XL:     8   Next: 30%
Magic:  5/5        EV:  9    Int: 10    God:
Gold:   111        SH: 10    Dex:  9    Spells: 7/7 levels left

rFire    . . .     SeeInvis .   a - +0 war axe
rCold    . . .     Gourm    .   c - +0 shield
rNeg     + . .     Faith    .   b - +1 scale mail
rPois    .         Spirit   .   (no helmet)
rElec    .         Reflect  .   v - +0 cloak
rCorr    .         Harm     .   (no gloves)
MR       +....                  (no boots)
Stlth    ..........             (no amulet)
Regen    0.0/turn               e - ring of positive energy
MPRegen  0.1/turn               u - -3 ring of dexterity (curse)

@: non-regenerating
A: damage resistance, heal wounds, sense surroundings 1, no regeneration
a: Heal Wounds


You were on level 6 of the Dungeon.
You were not hungry.

You visited 1 branch of the dungeon, and saw 6 of its levels.

You collected 191 gold pieces.
You spent 80 gold pieces at shops.

Inventory:

Hand Weapons
 a - a +0 war axe (weapon)
 t - a +2 spear of venom
Armour
 b - a +1 scale mail (worn)
 c - a +0 shield (worn)
 v - a +0 cloak (worn)
Jewellery
 e - a ring of positive energy (left hand)
 u - a cursed -3 ring of dexterity (right hand)
Wands
 r - a wand of lightning (5/15)
 w - a wand of acid (8/15)
Scrolls
 d - a scroll of fog
 l - a scroll of remove curse
Potions
 i - a potion of curing
 k - a potion of ambrosia
 m - a potion of berserk rage
 n - 3 potions of mutation
 o - a potion of heal wounds
 p - a potion of agility {unknown}
 q - a potion of haste {unknown}
 s - a potion of lignification {unknown}
Comestibles
 f - 3 bread rations
 g - 3 fruits
 h - 4 royal jellies
 j - a meat ration


   Skills:
 + Level 4.4 Fighting
 * Level 6.8 Axes
 + Level 5.5 Armour
 + Level 4.4 Dodging
 + Level 5.4 Shields


You had 7 spell levels left.
You didn't know any spells.

Dungeon Overview and Level Annotations

Branches:
Dungeon (6/15)
 Temple: D:4-7

Altars:
Gozag
Kikubaaqudgha
Ru
Sif Muna
The Shining One

Shops:
D:4 !


Innate Abilities, Weirdness & Mutations

You are resistant to damage.
You can heal yourself by infusing magical energy.
You passively map a small area around you.
You do not regenerate.


Message History

You see here 8 gold pieces.
A worker ant is nearby!
A worker ant is nearby!
You slash the worker ant!
The worker ant is heavily wounded.
You block the worker ant's attack.
You hit the worker ant but do no damage.
The worker ant is heavily wounded.
You block the worker ant's attack. x2
Your shield and scale mail prevent you from hitting the worker ant.
The worker ant is heavily wounded.
The worker ant bites you. You block the worker ant's attack.
Damage: -1%(-1hp) hp: 69%(50hp)
You slash the worker ant!
You kill the worker ant!
You butcher the worker ant corpse.
x - a chunk of flesh Eating a chunk of flesh.
You eat the chunk of flesh.
This raw flesh tastes terrible.
Key pressed, stopping explore.
No target in view!
You now have 111 gold pieces (gained 8).
There is an open door here.
x - a scroll of identify
Found 21 arrows.
A scorpion, 2 orcs and an orc warrior come into view.
The orc warrior shouts!
The orc shouts! x2
The orc throws a tomahawk.
You block the tomahawk.
An orc comes into view. It is wielding a dagger.
You see here a tomahawk.
As you read the scroll of identify, it crumbles to dust.
k - a potion of ambrosia The orc shouts!
The orc throws a tomahawk.
The tomahawk closely misses you. The scorpion barely misses you.
A hound comes into view.
You hit the scorpion but do no damage. You block the scorpion's attack.
You hit the scorpion.
The scorpion is moderately wounded.
The scorpion barely misses you.
You closely miss the scorpion.
The scorpion is moderately wounded.
The scorpion stings you but does no damage. x2
You hit the scorpion.
The scorpion is heavily wounded.
The scorpion stings you!
Damage: -8%(-6hp) hp: 61%(44hp)
You hit the scorpion.
The scorpion is severely wounded.
You block the scorpion's attack.
You closely miss the scorpion.
The scorpion is severely wounded.
The orc warrior hits you from afar with a halberd!
The scorpion barely misses you.
Huge Dmg: -14%(-10hp) hp: 47%(34hp)
You feel much better.
The scorpion stings you but does no damage.
You slash the scorpion!
You kill the scorpion!
The orc hits you but does no damage.
You hit the orc.
The orc is severely wounded.
You block the orc's attack.
You slash the orc!
You kill the orc!
You slash the orc!
You kill the orc!
The orc warrior hits you from afar with a halberd!
Huge Dmg: -21%(-15hp) hp: 59%(43hp)
Things that are here:
a chain mail; a dagger; a scorpion corpse The orc hits you with a dagger.
The orc warrior closely misses you.
You hit the orc warrior but do no damage.
You hit the orc. The orc hits you but does no damage.
The orc warrior hits you but does no damage.
You closely miss the orc warrior. You barely miss the orc.
You block the orc's attack. You block the orc warrior's attack.
You hit the orc warrior.
The orc warrior is lightly wounded.
You closely miss the orc. The orc hits you but does no damage.
The orc warrior hits you with a halberd.
The orc hits you but does no damage.
Damage: -1%(-1hp) hp: 58%(42hp)
You closely miss the orc warrior.
The orc warrior is lightly wounded.
You closely miss the orc.
The orc warrior hits you with a halberd!!
The orc barely misses you.
Huge Dmg: -22%(-16hp) hp: 36%(26hp)
Your shield and scale mail prevent you from hitting the orc warrior.
The orc warrior is lightly wounded.
You slash the orc!
You kill the orc!
The orc warrior hits you with a halberd!
* * * LOW HITPOINT WARNING * * *
Huge Dmg: -8%(-6hp) hp: 28%(20hp)
You closely miss the orc warrior.
The orc warrior is lightly wounded.
The orc warrior hits you with a halberd!!
You die...

, , , * * * * , ,,* *
#..h , #.o. #oo.*
#... #.o.##### ≈ ≈
#...#.@o# ≈≈
#...#h#[# #...(.#.#
##### ≈ *
#..(###.####### #....
≈ #.##
#.......#####....
***# **
*#######.#..##.... *
, , , ####.#..##....
*####+##....#...'....
,
........#####.##....


You could see an orc warrior and a hound.

Vanquished Creatures
  Grinder (D:3)
  2 sky beasts (D:5)
  2 phantoms
  2 ogres
  A centaur (D:5)
  2 scorpions
  3 crimson imps (D:5)
  2 bullfrog skeletons
  A hound (D:5)
  A centaur skeleton (D:4)
  Jessica (D:3)
  4 worker ants
  Ijyb (D:5)
  A hound zombie (D:5)
  3 gnolls (D:4)
  3 adders
  A leopard gecko (D:4)
  7 orcs
  2 bats
  2 giant cockroaches
  A goblin (D:1)
  A hobgoblin (D:1)
  5 kobolds (D:1)
  A quokka (D:5)
  A ball python (D:6)
  A frilled lizard (D:4)
  3 rats
55 creatures vanquished.

Vanquished Creatures (others)
  A necrophage (D:5)
1 creature vanquished.

Grand Total: 56 creatures vanquished

Notes
Turn   | Place    | Note
-------+----------+-------------------------------------------
     0 | D:1      | Monsterracer the Deep Dwarf Fighter began the quest for the Orb.
     0 | D:1      | Reached XP level 1. HP: 20/20 MP: 1/1
    77 | D:1      | Reached XP level 2. HP: 18/27 MP: 2/2
   328 | D:3      | Noticed Jessica
   328 | D:3      | Noticed Grinder
   331 | D:3      | Killed Jessica
   331 | D:3      | Reached skill level 3 in Axes
   331 | D:3      | Reached skill level 1 in Dodging
   331 | D:3      | Reached XP level 3. HP: 23/33 MP: 3/3
   334 | D:3      | Paralysed by Grinder for 4 turns
   343 | D:3      | Killed Grinder
   343 | D:3      | Reached skill level 4 in Axes
   343 | D:3      | Reached XP level 4. HP: 5/42 MP: 4/4
   343 | D:3      | Reached XP level 5. HP: 6/49 MP: 5/5
   529 | D:4      | Reached XP level 6. HP: 35/56 MP: 5/5
   594 | D:4      | Found an opulent altar of Gozag.
   707 | D:4      | Found Yvepiuv's Distillery.
   710 | D:4      | Bought a potion of curing for 30 gold pieces
   710 | D:4      | Bought a potion of heal wounds for 50 gold pieces
   985 | D:5      | Entered Level 5 of the Dungeon
   986 | D:5      | Noticed a sky beast
  1005 | D:5      | Killed a sky beast
  1005 | D:5      | Reached skill level 5 in Axes
  1005 | D:5      | Reached XP level 7. HP: 33/63 MP: 5/5
  1166 | D:5      | Reached skill level 5 in Armour
  1211 | D:5      | Found an ancient bone altar of Kikubaaqudgha.
  1211 | D:5      | Found a deep blue altar of Sif Muna.
  1304 | D:5      | Found a sacrificial altar of Ru.
  1511 | D:5      | Reached skill level 6 in Axes
  1511 | D:5      | Reached skill level 5 in Shields
  1578 | D:5      | Noticed Ijyb
  1582 | D:5      | Killed Ijyb
  1635 | D:5      | Found a glowing golden altar of the Shining One.
  1729 | D:5      | Reached XP level 8. HP: 59/72 MP: 6/6
  2058 | D:6      | Slain by an orc warrior

Skill      XL: |  1  2  3  4  5  6  7 |
---------------+----------------------+-----
Axes           | 3 4 5 6 |  6.8
Dodging        | 1 2 3 4 |  4.4
Fighting       | 3 4 |  4.4
Armour         | 4 5 |  5.5
Shields        | 4 5 |  5.4

Action                   |  1- 3 |  4- 6 |  7- 9 || total
-------------------------+-------+-------+-------++-------
Melee: War axe           |    39 |    89 |   147 ||   275
 Abil: Heal Wounds       |       |     4 |     5 ||     9
  Use: Potion            |     1 |       |       ||     1
       Scroll            |       |     6 |     2 ||     8
  Eat: Chunk             |       |       |     4 ||     4
Armor: Scale mail        |     5 |    29 |    55 ||    89
Dodge: Dodged            |     7 |    22 |    40 ||    69
Block: Shield            |    19 |    41 |    74 ||   134

Vault maps used:
D:1:      dpeg_arrival_arbitrary_b, serial_bayou_ford_a, columned_hall_lemuel,
          minmay_stone_trees_medium
D:2:      grunt_dithmenos_smoke, kennysheep_generic_room_14
D:3:      uniq_jessica, uniq_grinder
D:4:      serial_shops, kennysheep_mini,
          nicolae_gozag_cash_rules_everything_around_me
D:5:      gammafunk_temple_overflow_elements, nicolae_overflow_hidden_temple,
          first_bread, basic_altar, lemuel_flamethrower_2, uniq_ijyb
D:6:      lightli_temple_of_fire, minmay_temple_entry_butterflies,
          minmay_crystal_water
